 Seeded DCSS version 0.28.0-62-gf88900778d (webtiles) character file.

Game seed: 11778941881758525030 (custom seed)

436 tkbsonic5 the Skirmisher (level 7, 0/111 HPs)
             Began as an Ogre Gladiator on Feb 26, 2023.
             Was a Follower of Uskayaw.
             Slain by a hornet (9 damage)
             ... on level 4 of the Dungeon on Feb 27, 2023.
             The game lasted 00:24:28 (5255 turns).

tkbsonic5 the Skirmisher (Ogre Gladiator)           Turns: 5255, Time: 00:24:29

Health: 0/111      AC: 23    Str: 21    XL:     7   Next: 1%
Magic:  10/10      EV:  1    Int: 13    God:    Uskayaw [*.....]
Gold:   71         SH:  0    Dex: 14    Spells: 10/10 levels left

rFire   + + .      SeeInvis .   m - +3 spear "Orchaown" {vorpal, rF- rC++ Dex+4}
rCold   + + .      Faith    .   (no shield)
rNeg    + . .      Spirit   .   (armour currently unavailable)
rPois   +          Reflect  .   (helmet currently unavailable)
rElec   .          Harm     .   (cloak currently unavailable)
rCorr   .          Rampage  .   (gloves unavailable)
Will    .....      NoTele   +   (boots unavailable)
Stlth   +.........              (no amulet)
HPRegen 0.28/turn               f - ring of protection from fire
MPRegen 0.12/turn               h - ring "Cuopt" {Drain rPois rF++ rN+ Int+4}

@: tree-form, hasted, very quick
A: stationary, stasis, torment immunity, boosted hp, large, unfitting armour,
(tough skin 1)
a: Renounce Religion, Stomp


You were on level 4 of the Dungeon.
You worshipped Uskayaw.
Uskayaw was noncommittal.
You were a tree.
You visited 1 branch of the dungeon, and saw 5 of its levels.

You collected 221 gold pieces.
You spent 150 gold pieces at shops.

Inventory:

Hand Weapons
 a - a +0 vorpal quarterstaff
 m - the +3 spear "Orchaown" (weapon) {vorpal, rF- rC++ Dex+4}
   (You found it on level 3 of the Dungeon)

   It inflicts extra damage upon your enemies.
   Dex:       It affects your dexterity (+4).
   rF:        It makes you vulnerable to fire.
   rC:        It greatly protects you from cold.
 n - a +0 shortbow
 p - a +0 hunting sling of freezing
 q - a +0 war axe
Missiles
 e - 61 bolts
 g - a curare-tipped dart (quivered)
 s - 3 poisoned darts
 t - 12 sling bullets
 u - 34 stones
Armour
 b - a +0 robe (melded)
 c - a +0 hat (melded)
Jewellery
 f - a ring of protection from fire (left branch)
 h - the ring "Cuopt" (right branch) {Drain rPois rF++ rN+ Int+4}
   (You acquired it on level 3 of the Dungeon)

   [ring of poison resistance]

   Int:       It affects your intelligence (+4).
   rF:        It greatly protects you from fire.
   rPois:     It protects you from poison.
   rN:        It protects you from negative energy.
   Drain:     It drains your maximum health when unequipped.
 r - a ring of see invisible
Scrolls
 k - a scroll of teleportation
 l - a scroll of amnesia {unknown}
 v - a scroll of blinking {unknown}
Potions
 i - 3 potions of flight


   Skills:
 * Level 5.6 Fighting
 * Level 2.7(3.7) Polearms
 - Level 3.8(4.2) Staves
 + Level 2.8 Throwing
 + Level 3.7 Dodging
 + Level 2.4 Spellcasting


You had 10 spell levels left.
You didn't know any spells.
Your spell library was empty.

Dungeon Overview and Level Annotations

Branches:
Dungeon (5/15)
 Temple: D:4-7

Altars:
Ashenzari
Cheibriados
Dithmenos
Fedhas
Hepliaklqana
Nemelex Xobeh
Sif Muna
Uskayaw
Vehumet
The Shining One

Shops:
D:3 ?(*

Annotations:
D:3 Edmund


Innate Abilities, Weirdness & Mutations

You are a tree.
Your roots penetrate the ground, keeping you stationary.
You cannot be teleported.
You are immune to unholy pain and torment.
Your maximum health is greatly increased.
Your equipment is partially melded.
You are too large for most types of armour.
((You have tough skin. (AC +1)))


Message History

The hornet stings you but does no damage. x2
The iguana bites you but does no damage.
The hornet stings you but does no damage.
It was a potion of haste.
You feel yourself speed up. The iguana completely misses you.
The hornet stings you but does no damage.
The iguana barely misses you. The hornet stings you!
* * * LOW HITPOINT WARNING * * *
You feel as though you will be slow longer.
You closely miss the hornet.
The hornet is moderately wounded.
The hornet stings you but does no damage.
The iguana bites you but does no damage.
You closely miss the hornet.
The hornet is lightly wounded.
The hornet stings you!
* * * LOW HITPOINT WARNING * * *
You feel as though you will be slow longer.
The iguana bites you but does no damage.
The hornet stings you but does no damage.
You hit the hornet but do no damage.
The hornet is lightly wounded.
The hornet stings you!
* * * LOW HITPOINT WARNING * * *
The iguana bites you.
* * * LOW HITPOINT WARNING * * *
Unknown command.
You hit the hornet.
The hornet is moderately wounded.
The hornet stings you but does no damage.
The iguana bites you but does no damage.
You closely miss the hornet.
The hornet is moderately wounded.
The hornet stings you but does no damage. x2
You hit the hornet.
The hornet is heavily wounded.
You feel yourself speed up.
The iguana bites you but does no damage.
The hornet stings you!
You die...

.+.....######)[....#.....##'#####
.#.....#....'......'.....##....##
.#.....#....#......#.....##....##
.#.....#....#).....#.....##.....+
.#.....#....#......#.....##....##
.#.....'....#......#.....##....##
.#.....#....#......#...........##
##.....#....#..l...########....##
.#.....######...♣.........###†###
............#....y..............#
####........'...................#
#..'..####.##....................
#..#..#..#.########..............
####..'..#.# #..<...........
#..#..####.# #..............
#).'.......# #....(..#######
####.......# #.......'......


You could see a hornet and an iguana.

Vanquished Creatures
  Menkaure (D:4)
  A steam dragon (D:4)
  An orc priest (D:4)
  A centaur skeleton (D:4)
  2 adders (D:3)
  2 worms
  4 dart slugs
  16 orcs
  10 ball pythons
  6 endoplasms
  4 giant cockroaches
  10 goblins
  6 hobgoblins
  2 jackals (D:2)
  2 quokkas (D:4)
  8 bats
  A frilled lizard (D:2)
  6 kobolds
  5 rats
88 creatures vanquished.

Vanquished Creatures (others)
  A plant (D:4)
1 creature vanquished.

Grand Total: 89 creatures vanquished

Notes
Turn   | Place    | Note
-------+----------+-------------------------------------------
     0 | D:1      | tkbsonic5 the Ogre Gladiator began the quest for the Orb.
     0 | D:1      | Reached XP level 1. HP: 22/22 MP: 1/1
   563 | D:1      | Found a faded altar of an unknown god.
   579 | D:1      | Reached XP level 2. HP: 29/29 MP: 2/2
   887 | D:1      | Reached skill level 3 in Fighting
  1435 | D:2      | Reached XP level 3. HP: 29/37 MP: 3/3
  2171 | D:3      | Found Ymex's Assorted Antiques.
  2181 | D:3      | Bought a short sword for 66 gold pieces
  2295 | D:3      | Found Soipp's Antique Weapon Shop.
  2312 | D:3      | Reached skill level 1 in Spellcasting
  2465 | D:3      | Reached XP level 4. HP: 48/48 MP: 5/5
  3132 | D:3      | Identified the +3 spear "Orchaown" {vorpal, rF- rC++ Dex+4}
  3169 | D:3      | Found Heceng's Weapon Emporium.
  3175 | D:3      | Reached skill level 4 in Fighting
  3178 | D:3      | Bought a +0 shortbow for 33 gold pieces
  3178 | D:3      | Bought a +0 hunting sling of freezing for 51 gold pieces
  3292 | D:3      | Found a shimmering blue altar of Sif Muna.
  3349 | D:3      | Found Hehu's Magic Scroll Shop.
  3593 | D:4      | Found a shadowy altar of Dithmenos.
  3725 | D:4      | Noticed Menkaure
  3730 | D:4      | Killed Menkaure
  3731 | D:4      | Reached skill level 1 in Polearms
  3731 | D:4      | Reached XP level 5. HP: 16/55 MP: 5/7
  3760 | D:4      | Reached XP level 6. HP: 36/65 MP: 7/9
  3767 | D:4      | Reached skill level 5 in Fighting
  3899 | D:4      | Noticed Edmund
  3979 | D:3      | Identified a scroll of acquirement
  3979 | D:3      | Acquired the ring "Cuopt" {Drain rPois rF++ rN+ Int+4}
  4612 | D:4      | Found a sparkling altar of Nemelex Xobeh.
  4624 | D:4      | Found a hazy altar of Hepliaklqana.
  4625 | D:4      | Found a glowing golden altar of the Shining One.
  4625 | D:4      | Found a broken altar of Ashenzari.
  4625 | D:4      | Found a blossoming altar of Fedhas.
  4627 | D:4      | Found a snail-covered altar of Cheibriados.
  4627 | D:4      | Found a radiant altar of Vehumet.
  4752 | D:4      | Noticed a steam dragon
  4972 | D:4      | Killed a steam dragon
  4973 | D:4      | Reached XP level 7. HP: 67/74 MP: 10/10
  5151 | D:4      | Found a hide-covered altar of Uskayaw.
  5160 | D:4      | Became a worshipper of Uskayaw the Reveller
  5231 | D:5      | Entered Level 5 of the Dungeon
  5231 | D:5      | Noticed a hornet
  5240 | D:5      | Reached * piety under Uskayaw
  5255 | D:4      | Slain by a hornet

Illustrated notes

Levels and vault maps discovered:
D:1:      sevenhm_arrival_forest_fort_small_5, layout_basic,
          hellmonk_ecumenical_altar_crossroads, feat_on_display
D:2:      minmay_chambers_of_twos, layout_loops_ring, minmay_tromino_v7
D:3:      layout_loops_corners, lemuel_blue_sif_altar, serial_shops,
          shop_fountains, shop, nicolae_shop_bloodbath_and_beyond,
          nicolae_lakefront_shop, kennysheep_generic_room_14
D:4:      corexii_shack_village, layout_gridville, grunt_temple_overflow_open,
          nicolae_uskayaw_suspiria, grunt_dithmenos_smoke, uniq_menkaure,
          uniq_edmund
D:5:      layout_basic, mainiacjoe_overflow_alcove_1, serial_corexii_hall,
          corexii_hall_statues_x, corexii_hall_statues_x,
          corexii_hall_statues_deadend, corexii_hall_statues_s,
          corexii_hall_statues_u, chequers_hall_statues_wall_a,
          dk_noncrumbling_4, uniq_sigmund, uniq_pikel

Skill      XL: |  1  2  3  4  5  6 |
---------------+-------------------+-----
Fighting       | 3 4 5 |  5.6
Dodging        | 3 |  3.7
Spellcasting   | 1 2 |  2.4
Polearms       | 1 2 |  2.7
Staves         | |  3.8
Throwing       | |  2.8

Action                   |  1- 3 |  4- 6 |  7- 9 || total
-------------------------+-------+-------+-------++-------
Melee: Quarterstaff      |    92 |     4 |       ||    96
       Halberd           |    14 |       |       ||    14
       Dagger            |     7 |    24 |       ||    31
       Spear             |       |    82 |    14 ||    96
Throw: Dart              |     4 |     3 |     2 ||     9
       Throwing net      |     3 |     1 |     3 ||     7
       Stone             |       |    18 |       ||    18
  Use: Scroll            |     3 |     7 |     1 ||    11
       Potion            |     1 |     4 |     2 ||     7
 Stab: Sleeping          |       |     2 |       ||     2
       Held in net/web   |       |       |     1 ||     1
Armor: Robe              |    35 |    17 |       ||    52
       Skin              |       |       |    14 ||    14
Dodge: Dodged            |    56 |    45 |    14 ||   115
